 Dungeon Crawl Stone Soup version 0.18.1-48-g4cf74bf (webtiles) character file.

186 sarahorange the Shooter (level 5, -6/34 HPs)
             Began as a High Elf Hunter on July 17, 2016.
             Killed by divine providence
             ... invoked by an orc priest
              (12 damage)
             ... on level 3 of the Dungeon.
             The game lasted 00:17:34 (2354 turns).

sarahorange the Shooter (High Elf Hunter)           Turns: 2354, Time: 00:17:35

Health: -6/34      AC:  4    Str: 11    XL:     5   Next: 38%
Magic:  6/6        EV: 12    Int: 14    God:
Gold:   236        SH:  0    Dex: 17    Spells: 0 memorised, 4 levels left

rFire  . . .     SeeInvis .     a - +1 shortbow
rCold  . . .     Gourm    .     c - +0 leather armour
rNeg   . . .     Faith    .     (shield currently unavailable)
rPois  +         Spirit   .     (no helmet)
rElec  .         Dismiss  .     (no cloak)
rCorr  .         Reflect  .     (no gloves)
SustAt .         Harm     .     p - +0 pair of boots
MR     .....                    (no amulet)
Stlth  ++........               (no ring)
                                o - ring of poison resistance

@: not resistant to hostile enchantments, unstealthy
A: no striking features
a: no special abilities


You were on level 3 of the Dungeon.
You were not hungry.

You visited 1 branch of the dungeon, and saw 3 of its levels.
You also visited: Sewer.

You collected 236 gold pieces.

Inventory:

Hand Weapons
 a - a +1 shortbow (weapon)
 b - a +0 short sword
Missiles
 d - 147 arrows (quivered)
 j - a throwing net
 k - 137 stones
 l - 16 poisoned needles
Armour
 c - a +0 leather armour (worn)
 m - a troll hide {Purgy}
 p - a +0 pair of boots (worn)
Jewellery
 o - a ring of poison resistance (left hand)
Scrolls
 f - a scroll of magic mapping
 q - 3 scrolls of identify
 s - a scroll of enchant weapon {unknown}
 u - a scroll of fog {unknown}
Potions
 e - a potion of flight {unknown}
 h - 4 potions of curing
 n - a potion of lignification {unknown}
Comestibles
 g - a slice of pizza
 i - 2 meat rations


   Skills:
 + Level 2.2 Fighting
 + Level 1.6 Short Blades
 + Level 7.9 Bows
 + Level 0.2 Throwing
 + Level 0.6 Armour
 + Level 2.5 Dodging
 + Level 1.8 Stealth


You had 4 spell levels left.
You didn't know any spells.

Dungeon Overview and Level Annotations

Branches:
Dungeon (3/15)

Altars:
Sif Muna
Trog


Message History

Firing (i - inventory. (,) - cycle):
d - 149 arrows (quivered)
Press: ? - help, Shift-Dir - straight line, f/p - orc
Aim: an orc, wielding a flail and wearing a runed chain mail (lightly wounded)
You shoot an arrow. The arrow closely misses the orc.
The arrow hits the orc!
You kill the orc!
Firing (i - inventory. (,) - cycle):
d - 148 arrows (quivered)
Press: ? - help, Shift-Dir - straight line, f - orc
Aim: an orc, wielding a short sword of holy wrath and wearing a ring mail You shoot an arrow.
The arrow hits the orc.
The orc is moderately wounded.
You open the gate.
An orc comes into view.
The orc hits you with a short sword of holy wrath.
* * * LOW HITPOINT WARNING * * *
There is an open gate here.
The orc shouts!
You hear a shout!
A goblin comes into view.
The orc priest mumbles some strange prayers to Beogh against you.
Beogh smites you!
You die...

#.# *#..(*,,,** ##.
#.# *#.#l#.*,*,** ##
#.# *#o..#.#.*,,,** #
#.# *#.#(#.#.#.*,*,**
#.###o.(#...#...*,,,**
#.'..#(#.#.#.#.#.*,*,,
#.'...#.#.#.#.#.#g*,,,
#.'..#.#.#.#.#.#.#.*,,
#.###@..#...#...#...**
#.# ##.#o#.#.#.#.#.#*
#.## ##o..#.#l#...#*
#.o## ##.#.#.#.#.#*
##..## ##...#o..#*
##.o## ##o#.#.#*
##..## ##...#* ##..##
#o..# ##..###'''#


You could see an orc priest and 3 orcs.

Vanquished Creatures
  Purgy (Sewer)
  2 adders
  A gnoll (D:1)
  3 worms (D:2)
  A dart slug (D:2)
  3 giant geckos
  2 orcs (D:3)
  12 bats
  A giant cockroach (D:2)
  4 hobgoblins
  4 jackals (D:2)
  A quokka (D:2)
  3 ball pythons
  6 giant newts
  7 goblins
  4 kobolds
  8 rats
63 creatures vanquished.

Notes
Turn   | Place    | Note
--------------------------------------------------------------
     0 | D:1      | sarahorange the High Elf Hunter began the quest for the Orb.
     0 | D:1      | Reached XP level 1. HP: 14/14 MP: 2/2
   230 | D:1      | Reached XP level 2. HP: 19/19 MP: 3/3
   411 | D:1      | Reached skill level 6 in Bows
   516 | D:1      | Reached XP level 3. HP: 24/24 MP: 4/4
  1124 | D:2      | Found a faded altar to an unknown god.
  1187 | D:2      | Reached skill level 7 in Bows
  1232 | D:2      | Reached XP level 4. HP: 29/29 MP: 5/5
  1272 | D:2      | Found a deep blue altar of Sif Muna.
  1703 | D:3      | Found a glowing drain.
  1708 | Sewer    | Entered a sewer
  1805 | Sewer    | Noticed Purgy
  1883 | Sewer    | Killed Purgy
  1883 | Sewer    | Reached skill level 1 in Short Blades
  1883 | Sewer    | Reached XP level 5. HP: 12/34 MP: 6/6
  2160 | D:3      | Identified a scroll of acquirement
  2282 | D:3      | Found a bloodstained altar of Trog.
  2354 | D:3      | Killed from afar by an orc priest

Skill      XL: |  1  2  3  4 |
---------------+-------------+-----
Bows           | 6 7 |  7.9
Short Blades   | 1 |  1.6
Fighting       | |  2.2
Throwing       | |  0.2
Armour         | |  0.6
Dodging        | |  2.5
Stealth        | |  1.8

Action                   |  1- 3 |  4- 6 || total
-------------------------+-------+-------++-------
Melee: Short sword       |    14 |    22 ||    36
 Fire: Shortbow          |    93 |    42 ||   135
Throw: Throwing net      |     1 |       ||     1
       Stone             |       |    10 ||    10
  Use: Scroll            |       |     7 ||     7
       Potion            |       |     2 ||     2
 Stab: Held in net/web   |     1 |       ||     1
  Eat: Chunk             |     1 |     3 ||     4
       Bread ration      |       |     1 ||     1
Armor: Leather armour    |     7 |    21 ||    28
Dodge: Dodged            |    22 |    41 ||    63
